 Dungeon Crawl Stone Soup version 0.30-a0-118-ga018f8e90f (webtiles) character file.

Game seed: 9995963571897777294

3774 IdlyInterested the Spear-Bearer (level 9, -1/68 HPs)
             Began as a Demonspawn Gladiator on Sept 13, 2022.
             Slain by a skeletal warrior
             ... wielding a +0 hand axe
              (20 damage)
             ... on level 7 of the Dungeon.
             The game lasted 00:14:55 (4341 turns).

IdlyInterested the Spear-Bearer (DsGl)              Turns: 4341, Time: 00:14:56

Health: -1/68      AC: 18    Str: 18    XL:     9   Next: 95%
Magic:  9/9        EV:  3    Int: 11    God:
Gold:   482        SH:  0    Dex: 14    Spells: 8/8 levels left

rFire   + + .      SeeInvis .    x - +3 scythe (freeze)
rCold   + + .      Faith    .    (shield currently unavailable)
rNeg    . . .      Spirit   .    m - +0 gold dragon scales
rPois   +          Reflect  .    c - +0 helmet
rElec   .          Harm     .    r - scarf {rC+ rF+}
rCorr   .          Rampage  .    (no gloves)
Will    .....                    (no boots)
Stlth   ..........               j - amulet of regeneration
HPRegen 1.01/turn                G - ring of flight
MPRegen 0.11/turn                (no ring)

@: flying
A: icy blue scales 1, spiny 1, demonic magic 2, weakness stinger 1
a: no special abilities


You were on level 7 of the Dungeon.
You visited 1 branch of the dungeon, and saw 7 of its levels.

You collected 482 gold pieces.

Inventory:

Hand Weapons
 a - a +1 trident of venom
 x - a +3 scythe of freezing (weapon)
Missiles
 d - 2 throwing nets
 e - 7 javelins
 k - 5 poisoned darts (quivered)
 A - 5 datura-tipped darts
Armour
 b - a +0 leather armour
 c - a +0 helmet (worn)
 m - +0 gold dragon scales (worn)
 r - a scarf of resistance (worn)
 D - a +1 plate armour of positive energy
Jewellery
 j - an amulet of regeneration (around neck)
 B - an amulet of faith
 E - a ring of fire
 G - a ring of flight (left hand)
Wands
 w - a wand of flame (5)
 z - a wand of digging (5)
 H - a wand of polymorph (7)
 I - a wand of charming (4)
 K - a wand of iceblast (8)
Scrolls
 f - a scroll of fear
 l - 3 scrolls of teleportation
 t - 2 scrolls of enchant weapon
 u - a scroll of amnesia
 v - a scroll of immolation
 y - a scroll of brand weapon
Potions
 g - a potion of flight
 h - 5 potions of curing
 i - a potion of mutation
 n - a potion of invisibility
 o - 2 potions of cancellation {unknown}
 p - 2 potions of heal wounds {unknown}
 q - a potion of resistance {unknown}
 s - a potion of berserk rage {unknown}
 C - a potion of brilliance
 J - a potion of haste {unknown}


   Skills:
 - Level 5.0 Fighting
 * Level 11.3 Polearms
 - Level 1.7 Throwing
 + Level 5.7 Armour
 - Level 2.6 Dodging


You had 8 spell levels left.
You didn't know any spells.
Your spell library contained the following spells:

 Spells                   Type           Power      Damage    Failure   Level
 Foxfire                  Conj/Fire      0%         2x1d4     100%        1
 Call Canine Familiar     Summ           0%         N/A       100%        3
 Inner Flame              Hex/Fire       0%         N/A       100%        3
 Kindle Blastsparks       Fire/Tloc/Air  0%         2d10      100%        3
 Portal Projectile        Hex/Tloc       0%         N/A       100%        3
 Flame Wave               Conj/Fire      0%         2d4       100%        4
 Leda's Liquefaction      Hex/Erth       0%         N/A       100%        4
 Conjure Ball Lightning   Conj/Air       0%         3x3d6     100%        6
 Discord                  Hex            0%         N/A       100%        8
 Disjunction              Tloc           0%         N/A       100%        8


Dungeon Overview and Level Annotations

Branches:
Dungeon (7/15)
 Temple: D:4-7

Altars:
Hepliaklqana


Innate Abilities, Weirdness & Mutations

You are partially covered in icy blue scales. (AC +2)
You are partially covered in sharp spines.
Spells you cast may paralyse nearby enemies.
You have a small tail.


Message History

Press: ? - help, Shift-Dir - straight line, f/p - skeletal warrior
Aim: a skeletal warrior, wielding a +0 hand axe, wearing a +1 scale mail of willpower and wearing a ring of see invisible (moderately damaged, 75% to hit)
The bolt of dispelling energy hits the skeletal warrior.
The skeletal warrior is heavily damaged.
You hear an angry hiss.
A water moccasin comes into view.
The skeletal warrior hits you with a +0 hand axe!
Aiming: Quicksilver Bolt
Press: ? - help, Shift-Dir - straight line, f - water moccasin, p - skeletal warrior
Aim: a water moccasin (53% to hit)
The bolt of dispelling energy hits the skeletal warrior!!
The skeletal warrior is severely damaged.
The bolt of dispelling energy misses the water moccasin.
The skeletal warrior hits you with a +0 hand axe!
Aiming: Quicksilver Bolt
Press: ? - help, Shift-Dir - straight line, f/p - water moccasin
Aim: a water moccasin (53% to hit)
The bolt of dispelling energy hits the skeletal warrior but does no damage.
The skeletal warrior is severely damaged.
The bolt of dispelling energy hits the water moccasin!!
The water moccasin is heavily wounded.
The now-empty wand crumbles to dust.
The skeletal warrior hits you with a +0 hand axe.
You don't have any such object.
Evoke which item? (* to show all) (? for menu, Esc to quit)
That's the wrong kind of item! (Use * to select it.) Evoke which item? (* to show all) (? for menu, Esc to quit)
You don't have any such object.
Evoke which item? (* to show all) (? for menu, Esc to quit)
Okay, then.
Okay, then.
Okay, then.
You hit the skeletal warrior but do no damage.
Your tail-slap misses the skeletal warrior.
The skeletal warrior is severely damaged.
The skeletal warrior hits you with a +0 hand axe!
* * * LOW HITPOINT WARNING * * *
You feel better.
The skeletal warrior hits you with a +0 hand axe!!
You die...

#<.## ......! ## #.
#...##..# ##.#
#..#.#†...#
.......##.#.#
#.......##
......##.#[#.#
####.####
...>..#.#.#.#.# ...
..>...##.#.#.#.#
##.####
........#.#.#.#.#zS#
......##.#.#.#.#@##
......# #.#.#.#.#.#
..)##.##
#.#.#!#.####
##†....## #.#.#.###.
#......## #.#$###.
#.......###.####.#
#.......#.....#..#
##......#....)#.##
######...#.#....#


You could see a skeletal warrior and a water moccasin.

Vanquished Creatures
  An ugly thing (D:7)
  Sigmund (D:4)
  A wyvern (D:7)
  4 yaks (D:6)
  Edmund (D:4)
  A water moccasin (D:7)
  An orc warrior (D:5)
  3 black bears
  An ice beast (D:7)
  3 ogres
  A phantom (D:7)
  A bullfrog (D:6)
  7 scorpions
  9 wights
  2 howler monkeys
  2 hounds
  4 jellies
  A gnoll bouda (D:7)
  3 iguanas
  A gnoll (D:7)
  10 adders
  A white imp (D:7)
  A worm (D:2)
  5 dart slugs
  11 orcs
  4 bats
  8 endoplasms
  4 giant cockroaches
  10 goblins
  5 hobgoblins
  2 jackals (D:5)
  4 quokkas
  5 ball pythons
  4 frilled lizards
  9 kobolds
  6 rats
137 creatures vanquished.

Notes
Turn   | Place    | Note
-------+----------+-------------------------------------------
     0 | D:1      | IdlyInterested the Demonspawn Gladiator began the quest for
                  | the Orb.
     0 | D:1      | Reached XP level 1. HP: 16/16 MP: 1/1
    48 | D:1      | Reached skill level 3 in Polearms
    53 | D:1      | Gained mutation: You are partially covered in sharp spines.
                  | [demonic ancestry]
    53 | D:1      | Reached XP level 2. HP: 21/22 MP: 2/2
   166 | D:1      | Reached skill level 1 in Armour
   544 | D:1      | Reached XP level 3. HP: 27/27 MP: 3/3
   958 | D:2      | Reached skill level 4 in Polearms
   991 | D:2      | Reached XP level 4. HP: 33/33 MP: 4/4
  1583 | D:3      | Identified the +3 scale mail of the Stonemason {rF+}
  1748 | D:3      | Found a faded altar of an unknown god.
  1884 | D:4      | Noticed a black bear
  1897 | D:4      | Killed a black bear
  1898 | D:4      | Reached skill level 5 in Polearms
  1898 | D:4      | Gained mutation: You have a small tail. [demonic ancestry]
  1898 | D:4      | Reached XP level 5. HP: 32/38 MP: 5/5
  1934 | D:4      | Gained mutation: Spells you cast may paralyse adjacent
                  | enemies. [demonic ancestry]
  1934 | D:4      | Reached XP level 6. HP: 43/44 MP: 6/6
  2047 | D:4      | Noticed Sigmund
  2073 | D:4      | Killed Sigmund
  2074 | D:4      | Reached skill level 6 in Polearms
  2074 | D:4      | Gained mutation: Spells you cast may paralyse nearby
                  | enemies. [demonic ancestry]
  2074 | D:4      | Reached XP level 7. HP: 27/51 MP: 7/7
  2195 | D:4      | Noticed Edmund
  2204 | D:4      | Killed Edmund
  2261 | D:4      | Found a hazy altar of Hepliaklqana.
  2437 | D:5      | Entered Level 5 of the Dungeon
  2443 | D:5      | Reached skill level 7 in Polearms
  2641 | D:5      | Reached XP level 8. HP: 58/58 MP: 8/8
  3032 | D:5      | Reached skill level 8 in Polearms
  3957 | D:6      | Reached skill level 9 in Polearms
  4153 | D:7      | Gained mutation: You are partially covered in icy blue
                  | scales. (AC +2) [demonic ancestry]
  4153 | D:7      | Reached XP level 9. HP: 49/65 MP: 9/9
  4210 | D:6      | Reached skill level 5 in Armour
  4213 | D:6      | Reached skill level 10 in Polearms
  4264 | D:7      | Reached skill level 5 in Fighting
  4317 | D:7      | Noticed a brown ugly thing
  4324 | D:7      | Killed a brown ugly thing
  4325 | D:7      | Reached skill level 11 in Polearms
  4325 | D:7      | Noticed a skeletal warrior
  4341 | D:7      | Slain by a skeletal warrior

Illustrated notes

Levels and vault maps discovered:
D:1:      lightli_molten_gateway, layout_rooms
D:2:      layout_basic, chequers_serial_rivers_large_a, minmay_indecisive_spiral
D:3:      layout_rooms, hellmonk_ecumenical_altar_heavens_door
D:4:      layout_rooms, mainiacjoe_overflow_24_doors, uniq_sigmund, uniq_edmund
D:5:      layout_loops_ring, st_stairs_13
D:6:      layout_loops_ring
D:7:      minmay_the_grid_octo_tiled_octocenter [minmay_the_grid_octo_focus,
          minmay_the_grid_octo_tetromino_candy, minmay_the_grid_octo_checkered,
          minmay_the_grid_octo_pinwheel,
          minmay_the_grid_octo_prize_ultimate_mussel_roller,
          minmay_the_grid_square_5x5_shrine1,
          minmay_the_grid_square_5x5_two_walls_b,
          minmay_the_grid_square_5x5_three_small,
          minmay_the_grid_square_5x5_six], layout_rooms,
          gammafunk_temple_overflow_wave,
          nicolae_dithmenos_through_a_glass_darkly, temple_doors_cd

Skill      XL: |  1  2  3  4  5  6  7  8  9 |
---------------+----------------------------+-----
Polearms       | 3 4 5 6 7 9 11 | 11.3
Armour         | 1 2 3 4 5 |  5.7
Fighting       | 3 4 5 |  5.0
Throwing       | |  1.7
Dodging        | |  2.6

Action                   |  1- 3 |  4- 6 |  7- 9 || total
-------------------------+-------+-------+-------++-------
Melee: Trident           |    78 |    71 |       ||   149
       Punch             |     1 |       |       ||     1
       Tailslap          |       |     5 |    24 ||    29
       Halberd           |       |       |   167 ||   167
Throw: Dart              |       |     1 |     7 ||     8
       Throwing net      |       |       |     1 ||     1
Evoke: Wand              |       |       |     3 ||     3
  Use: Scroll            |     5 |     2 |     8 ||    15
       Potion            |       |     1 |     1 ||     2
Armor: Leather armour    |    10 |       |       ||    10
       Gold dragon scale |    21 |    65 |    99 ||   185
Dodge: Dodged            |    17 |     2 |    18 ||    37

Table legend: (Time is in decaauts)
 A = Elapsed time spent in this place.
 B = Non-inter-level travel time spent in this place.
 C = Inter-level travel time spent in this place.
 D = Time resting spent in this place.
 E = Time spent auto-exploring this place.
 F = Levels seen in this place.
 G = Mean time per level.
                   A        B        C        D        E       F      G
               +--------+--------+--------+--------+--------+-----+--------+
         Total |   4376 |   3804 |    572 |    143 |   2393 |   7 |  625.1 |
       Dungeon |   4376 |   3804 |    572 |    143 |   2393 |   7 |  625.1 |
               +--------+--------+--------+--------+--------+-----+--------+

Top non-repeatable levels by time:
     D:5: 935 daAuts
     D:2: 825 daAuts
     D:1: 761 daAuts
     D:6: 676 daAuts
     D:4: 551 daAuts
     D:3: 506 daAuts
     D:7: 119 daAuts
